 Dungeon Crawl Stone Soup version 0.29.1-2-gbd0b4ee654 (webtiles) character file.

Game seed: 8140558237920988671

43 skoleks the Chiller (level 3, -3/28 HPs)
             Began as a Gnoll Wanderer on Nov 21, 2022.
             Succumbed to a goblin's poison
             ... on level 2 of the Dungeon.
             The game lasted 00:12:13 (2199 turns).

skoleks the Chiller (Gnoll Wanderer)                Turns: 2199, Time: 00:12:14

Health: -3/28      AC:  2    Str:  9    XL:     3   Next: 58%
Magic:  4/7        EV: 12    Int: 14    God:
Gold:   47         SH:  0    Dex: 12    Spells: 2/7 levels left

rFire   . . .      SeeInvis .   h - staff of poison
rCold   . . .      Faith    .   (no shield)
rNeg    . . .      Spirit   .   d - +0 robe
rPois   +          Reflect  .   (no helmet)
rElec   .          Harm     .   (no cloak)
rCorr   .          Rampage  .   (no gloves)
Will    .....                   (no boots)
Stlth   +.........              (no amulet)
HPRegen 0.09/turn               (no ring)
MPRegen 0.10/turn               (no ring)

@: lethally poisoned (-3 -> -16)
A: fangs 1, strong nose, distributed training
a: no special abilities


You were on level 2 of the Dungeon.
You visited 1 branch of the dungeon, and saw 2 of its levels.

You collected 47 gold pieces.

Inventory:

Hand Weapons
 a - a +0 dagger
 g - a +0 hand axe
Missiles
 b - 9 boomerangs (quivered)
Armour
 d - a +0 robe (worn)
 f - a +0 robe
Magical Staves
 h - a staff of poison (weapon)
Scrolls
 c - a scroll of blinking
 i - a scroll of enchant armour {unknown}
 k - a scroll of torment {unknown}
 l - a scroll of noise {unknown}
 p - a scroll of poison {unknown}
Potions
 j - a potion of curing {unknown}
 m - 2 potions of magic
 n - a potion of invisibility {unknown}
 o - a potion of ambrosia {unknown}


   Skills:
 + Level 2.6 Fighting
 + Level 0.9 Short Blades
 + Level 0.9 Long Blades
 + Level 0.9 Axes
 + Level 0.9 Maces & Flails
 + Level 0.9 Polearms
 + Level 0.9 Staves
 + Level 0.9 Ranged Weapons
 + Level 2.6 Throwing
 + Level 0.9 Armour
 + Level 2.6 Dodging
 + Level 0.9 Stealth
 + Level 0.9 Shields
 + Level 0.9 Unarmed Combat
 + Level 2.8 Spellcasting
 + Level 0.6 Conjurations
 + Level 3.8 Hexes
 + Level 0.6 Summonings
 + Level 0.6 Necromancy
 + Level 0.6 Translocations
 + Level 0.6 Transmutations
 + Level 0.6 Fire Magic
 + Level 5.4 Ice Magic
 + Level 0.6 Air Magic
 + Level 0.6 Earth Magic
 + Level 0.6 Poison Magic
 + Level 1.0 Invocations
 + Level 2.6 Evocations


You had 2 spell levels left.
You knew the following spells:

 Your Spells              Type           Power      Damage    Failure   Level
a - Freeze                Ice            68%        1d8       2%          1
b - Slow                  Hex            48%        N/A       4%          1
c - Tukima's Dance        Hex            12%        N/A       14%         3

Your spell library contained the following spells:

 Spells                   Type           Power      Damage    Failure   Level
 Ensorcelled Hibernation  Hex/Ice        28%        N/A       4%          2
 Dazzling Flash           Conj/Hex       16%        N/A       26%         3
 Portal Projectile        Hex/Tloc       16%        N/A       26%         3
 Hailstorm                Conj/Ice       10%        3d5       52%         4
 Animate Armour           Summ/Erth      6%         N/A       86%         4
 Blade Hands              Tmut           1%         N/A       99%         5
 Iron Shot                Conj/Erth      1%         9d1       100%        6


Dungeon Overview and Level Annotations

Branches:
Dungeon (2/15)

Altars:

Annotations:
D:2 Robin


Innate Abilities, Weirdness & Mutations

You have very sharp teeth.
Your uncanny sense of smell can sniff out nearby items.
Your experience applies equally to all skills.


Message History

You kill the hobgoblin!
The goblin shoots a sling bullet.
The sling bullet closely misses you.
You hear a shout! x3
You open the door.
A goblin and a hobgoblin come into view.
The goblin shouts!
The hobgoblin shouts!
A goblin comes into view. It is wielding a +0 dagger.
The goblin shoots a sling bullet.
The sling bullet barely misses you.
Casting: Freeze (safe; 2% risk of failure)
Confirm with . or Enter, or press ? or * to list all spells.
You don't know that spell.
Unknown command.
The goblin shoots a sling bullet.
The sling bullet hits you but does no damage.
Robin throws the goblin at you! The goblin hits you with a +0 dagger.
The goblin shoots a sling bullet.
The sling bullet hits you.
* * * LOW HITPOINT WARNING * * *
You hit the goblin. You bite the goblin, but do no damage.
The goblin is severely wounded.
Robin roars a battlecry!
The goblins go into a battle-frenzy!
A goblin comes into view. It is wielding a +0 club.
The goblin closely misses you. x2; The goblin shoots a sling bullet.
The sling bullet closely misses you.
You hit the goblin.
You kill the goblin!
The goblin misses you.
A goblin comes into view. It is wielding a +2 dagger of venom.
The goblin shouts!
Robin throws the goblin at you!
* * * LOW HITPOINT WARNING * * *
The goblin hits you with a +0 dagger.
* * * LOW HITPOINT WARNING * * *
The goblin hits you with a +2 dagger of venom.
* * * LOW HITPOINT WARNING * * *
You are lethally poisoned!
Things that are here:
a +0 dagger; a +0 sling; a goblin corpse You hit the goblin but do no damage.
You die...

#......g. #######
#.......g #.....#
#.....g.. #.....#
#[..gg...
#..g@.######.....g..
#...gggg..ggg.......
#...g.#####g........
#.....g.gg..?.......
###############....#####
#>.................'g..
#####+#.#####.#....####
#....# #.#....#
#....###.#.#....#


You could see Robin, 2 hobgoblins and 7 goblins.

Vanquished Creatures
  A worm (D:2)
  2 bats (D:1)
  3 endoplasms (D:1)
  2 giant cockroaches (D:1)
  5 goblins
  9 hobgoblins
  4 quokkas
  2 ball pythons (D:2)
  2 frilled lizards (D:1)
  A kobold (D:1)
  2 rats
33 creatures vanquished.

Notes
Turn   | Place    | Note
-------+----------+-------------------------------------------
     0 | D:1      | skoleks the Gnoll Wanderer began the quest for the Orb.
     0 | D:1      | skoleks set off with the following items: a +0 dagger, 9
                  | boomerangs, a scroll of blinking, a +0 robe; and the
                  | following spells available to memorise: Freeze, Slow,
                  | Ensorcelled Hibernation, Dazzling Flash, Hailstorm.
     0 | D:1      | Reached XP level 1. HP: 17/17 MP: 4/4
     5 | D:1      | Learned a level 1 spell: Freeze
     7 | D:1      | Learned a level 1 spell: Slow
   335 | D:1      | Reached XP level 2. HP: 23/23 MP: 2/5
  1080 | D:1      | Reached XP level 3. HP: 20/28 MP: 5/7
  1664 | D:1      | Learned a level 3 spell: Tukima's Dance
  1905 | D:2      | Reached skill level 1 in Invocations
  2178 | D:2      | Noticed Robin
  2198 | D:2      | HP: 1/28 [goblin/+2 dagger of venom[Robin] (2)]
  2199 | D:2      | Succumbed to a goblin's poison

Illustrated notes

Levels and vault maps discovered:
D:1:      minmay_arrival_checkered_box, layout_loops_ring
D:2:      layout_basic, kennysheep_path_1, uniq_robin

Skill      XL: |  1  2  3 |
---------------+----------+-----
Invocations    | 1 |  1.0
Fighting       | |  2.6
Short Blades   | |  0.9
Long Blades    | |  0.9
Axes           | |  0.9
Maces & Flails | |  0.9
Polearms       | |  0.9
Staves         | |  0.9
Ranged Weapons | |  0.9
Throwing       | |  2.6
Armour         | |  0.9
Dodging        | |  2.6
Stealth        | |  0.9
Shields        | |  0.9
Unarmed Combat | |  0.9
Spellcasting   | |  2.8
Conjurations   | |  0.6
Hexes          | |  3.8
Summonings     | |  0.6
Necromancy     | |  0.6
Translocations | |  0.6
Transmutations | |  0.6
Fire Magic     | |  0.6
Ice Magic      | |  5.4
Air Magic      | |  0.6
Earth Magic    | |  0.6
Poison Magic   | |  0.6
Evocations     | |  2.6

Action                   || total
-------------------------++-------
Melee: Staff             ||   125
       Dagger            ||     6
       Hand axe          ||     3
       Bite              ||    14
       Punch             ||     3
 Cast: Slow              ||     4
       Freeze            ||    10
       Tukima's Dance    ||     1
  Use: Scroll            ||     2
Armor: Robe              ||    30
Dodge: Dodged            ||    93
